Map: [ESL] NeoHumanity

Players

ForJumY

  • Race: Protoss Protoss
  • Spawn Location: 5:00

Lambo - Winner!

  • Race: Zerg Zerg
  • League: Master
  • Spawn Location: 11:00

Event: HomeStory Cup XXIII

VOD

Have the link to the VOD?

Description

Time

  • Played on: June 30, 2023, 9:45 a.m.
  • Length: 8:39

All games in this series

Show
View Real Time Build Order
Export as new Build Order

ForJumY Protoss 

Build Orders: 1 Gate Expand, Oracle Opening, Zealot Archon 

Get SALT Encoding   

  12  0:00  Probe  
  13  0:12  Probe  
  14  0:18  Pylon  
  14  0:24  Probe  
  15  0:36  Probe (Chrono Boost)  
  15  0:39  Gateway  
  16  0:48  Probe (Chrono Boost), Assimilator  
  17  0:53  Probe (Chrono Boost)  
  18  1:03  Probe  
  19  1:15  Probe  
  20  1:26  Nexus  
  20  1:35  Cybernetics Core  
  20  1:38  Probe  
  21  1:44  Assimilator  
  21  1:51  Probe  
  22  1:55  Pylon  
  22  2:03  Probe  
  23  2:12  Stalker  
  23  2:15  Probe  
  26  2:25  Stargate  
  26  2:27  Probe  
  27  2:34  Warp Gate  
  27  2:39  Probe x2 (Chrono Boost)  
  29  2:44  Adept  
  29  2:49  Probe x2 (Chrono Boost)  
  33  2:54  Probe x2 (Chrono Boost)  
  35  3:05  Probe, Oracle (Chrono Boost)  
  35  3:06  Probe  
  40  3:16  Pylon  
  40  3:17  Probe, Adept  
  40  3:18  Probe  
  44  3:30  Probe x2  
  50  3:41  Void Ray (Chrono Boost)  
  50  3:44  Probe x2  
  52  3:55  Nexus  
  52  3:57  Probe x2, Pylon  
  54  4:10  Stargate, Assimilator  
  54  4:14  Pylon, Assimilator  
  54  4:15  Probe, Shield Battery  
  56  4:17  Probe  
  56  4:27  Probe  
  56  4:29  Probe  
  56  4:30  Twilight Council  
  58  4:37  Zealot  
  60  4:39  Gateway  
  60  4:40  Probe, Pylon  
  61  4:52  Probe, Void Ray  
  66  4:57  Probe  
  66  4:59  Shield Battery  
  67  5:04  Probe  
  67  5:07  Dark Shrine  
  68  5:08  Gateway  
  68  5:09  Probe (Chrono Boost)  
  68  5:10  Probe (Chrono Boost)  
  70  5:18  Void Ray  
  70  5:20  Pylon  
  70  5:21  Probe x2 (Chrono Boost)  
  72  5:26  Probe (Chrono Boost)  
  77  5:29  Probe (Chrono Boost)  
  77  5:31  Probe x2 (Chrono Boost)  
  84  5:35  Probe  
  84  5:39  Void Ray (Chrono Boost)  
  84  5:41  Probe  
  86  5:43  Probe, Templar Archives  
  86  5:47  Gateway  
  86  5:49  Forge  
  84  5:50  Gateway  
  88  6:00  Void Ray (Chrono Boost)  
  88  6:03  Zealot x3  
  94  6:15  Probe x3, Assimilator  
  94  6:16  Assimilator  
  101  6:19  Pylon, Void Ray (Chrono Boost)  
  101  6:24  Photon Cannon  
  101  6:25  Photon Cannon  
  101  6:29  Photon Cannon  
  101  6:37  Photon Cannon  
  101  6:39  Zealot  
  107  6:41  Shield Battery  
  107  6:42  Void Ray  
  107  6:44  Probe  
  108  6:49  Probe  
  108  6:54  Pylon x2  
  109  6:56  Pylon x2  
  109  7:01  Shield Battery x2  
  103  7:10  High Templar x3  
  105  7:15  Archon  
  105  7:22  Shield Battery x2  
  109  7:23  Shield Battery  
  109  7:25  Void Ray (Chrono Boost), Shield Battery  
  109  7:26  Zealot x2  
  104  7:33  Void Ray (Chrono Boost)  
  102  7:43  Probe  
  101  7:51  Fleet Beacon  
  95  7:57  Probe x2  
  95  7:58  Probe  
  91  8:05  Void Ray x2 (Chrono Boost)  
  92  8:09  Probe  
  78  8:13  Probe  
  78  8:17  Zealot  
  74  8:26  Probe  
Show
View Real Time Build Order
Export as new Build Order

Lambo Zerg - Winner!

Build Orders: Hatch First 

Get SALT Encoding   

  12  0:00  Drone  
  13  0:12  Overlord  
  13  0:17  Drone  
  14  0:31  Drone x2  
  16  0:48  Hatchery  
  15  0:51  Drone  
  15  0:54  Drone  
  17  0:58  Drone  
  18  1:08  Extractor  
  17  1:13  Spawning Pool  
  17  1:17  Drone  
  17  1:19  Drone  
  18  1:28  Drone  
  19  1:39  Drone  
  20  1:49  Drone  
  21  2:00  Queen x2, Zergling x2  
  26  2:01  Overlord  
  26  2:10  Metabolic Boost  
  26  2:11  Drone  
  26  2:12  Drone  
  28  2:21  Drone x2  
  30  2:33  Drone x2  
  32  2:40  Hatchery  
  31  2:45  Drone, Overlord  
  32  2:51  Queen  
  32  2:56  Zergling x2  
  32  2:57  Drone  
  36  3:02  Queen  
  36  3:04  Overlord  
  38  3:11  Drone x3  
  41  3:14  Drone  
  41  3:18  Drone  
  43  3:21  Zergling x2  
  43  3:26  Drone  
  45  3:27  Queen  
  45  3:31  Drone  
  48  3:38  Overlord  
  48  3:42  Drone x3  
  48  3:44  Spore Crawler  
  48  3:45  Queen  
  52  3:48  Overlord  
  52  3:53  Overlord  
  52  3:55  Queen  
  52  4:00  Drone x2  
  52  4:01  Spore Crawler  
  55  4:03  Drone x2  
  55  4:06  Drone  
  58  4:10  Drone, Overlord  
  58  4:15  Roach Warren  
  58  4:20  Drone x3  
  58  4:22  Drone  
  58  4:23  Drone  
  58  4:24  Drone  
  64  4:30  Lair  
  64  4:31  Drone  
  64  4:33  Unknown  
  64  4:37  Drone x3  
  66  4:41  Zergling x6  
  66  4:43  Drone x2  
  71  4:47  Queen  
  71  4:48  Drone  
  71  4:51  Overlord  
  74  4:55  Queen  
  74  4:59  Drone x3  
  79  5:03  Drone x3  
  82  5:08  Overlord  
  82  5:09  Overlord  
  82  5:10  Extractor  
  81  5:14  Spore Crawler  
  81  5:15  Drone x3  
  81  5:20  Roach x3, Extractor  
  88  5:23  Queen  
  88  5:25  Overlord  
  88  5:28  Overlord  
  90  5:31  Overlord  
  90  5:32  Overlord  
  90  5:33  Roach  
  92  5:37  Overlord  
  92  5:39  Overlord  
  92  5:40  Roach  
  92  5:41  Roach  
  96  5:45  Overlord  
  96  5:46  Overlord  
  96  5:47  Overlord  
  96  5:50  Glial Reconstitution  
  96  5:54  Roach x3  
  102  5:58  Ravager x4  
  102  5:59  Roach  
  108  6:04  Roach x4  
  108  6:08  Roach x2  
  108  6:11  Roach  
  122  6:14  Queen  
  122  6:15  Roach  
  122  6:18  Roach x2  
  130  6:23  Roach x3  
  136  6:27  Roach  
  136  6:28  Roach  
  136  6:32  Roach x3  
  145  6:40  Roach  
  145  6:41  Roach x4  
  145  6:43  Queen  
  145  6:46  Roach  
  159  6:55  Roach x5  
  159  7:01  Roach  
  167  7:09  Roach, Overlord  
  167  7:13  Hydralisk Den  
  167  7:14  Queen  
  168  7:19  Queen  
  168  7:21  Queen  
  170  7:27  Roach  
  160  7:33  Roach x2  
  160  7:35  Extractor, Overlord  
  160  7:36  Evolution Chamber  
  154  7:38  Ravager x5  
  154  7:43  Roach x3  
  159  7:48  Ravager  
  159  7:50  Queen, Ravager  
  154  7:54  Queen  
  154  7:55  Roach x2  
  154  7:57  Queen  
Tags
 
Add a new tag
Caveats
  • Supply blocks, unpowered buildings, or Contaminate may cause inaccurate times.
  • Supply counts are checked every 10 seconds.